 Dungeon Crawl Stone Soup version 0.31.0-11-ge490571c62 (webtiles) character file.

Game seed: 1901797248662847602

1001 qw the Skirmisher (level 8, -8/39 HPs)
             Began as a Spriggan Hunter on Feb 4, 2024.
             Was a Follower of Okawaru.
             Killed from afar by a steam dragon (18 damage)
             ... with a ball of steam
             ... on level 6 of the Dungeon.
             The game lasted 00:00:23 (4307 turns).

qw the Skirmisher (Spriggan Hunter)                 Turns: 4307, Time: 00:00:24

Health: -8/39      AC:  3    Str:  7    XL:     8   Next: 0%
Magic:  9/10       EV: 22    Int: 11    God:    Okawaru [*.....]
Gold:   210        SH:  0    Dex: 20    Spells: 7/7 levels left

rFire   . . .        e - +2 orcbow (heavy)
rCold   . . .        (shield currently unavailable)
rNeg    + . .        c - +1 robe
rPois   .            (helmet restricted)
rElec   .            (no cloak)
rCorr   +            (gloves unavailable)
SInv    +            (boots unavailable)
Will    +....        f - amulet of regeneration
Stlth   ++           d - ring of resist corrosion
HPRegen 1.06/turn    a - ring of positive energy
MPRegen 0.12/turn

%: no passive effects
@: very quick
A: very small, no large weapons, unfitting armour, see invisible, speed 3
a: Renounce Religion, Heroism


You were on level 6 of the Dungeon.
You worshipped Okawaru.
Okawaru was aware of your devotion.
You visited 2 branches of the dungeon, and saw 7 of its levels.

You collected 343 gold pieces.
You spent 133 gold pieces at shops.


Innate Abilities, Weirdness & Mutations

You are very small and have problems with some larger weapons.
You are too small for most types of armour.
You have supernaturally acute eyesight. (SInv)
You cover ground extremely quickly. (Speed+++)


   Skills:
 + Level 2.7 Fighting
 - Level 8.1 Ranged Weapons
 - Level 7.0 Dodging
 - Level 1.5 Stealth
 + Level 1.7 Invocations


You had 7 spell levels left.
You didn't know any spells.
Your spell library was empty.

Inventory:

Hand Weapons
 e - a +2 heavy orcbow (weapon)
Armour
 c - a +1 robe (worn)
Jewellery
 a - a ring of positive energy (right hand)
 d - a ring of resist corrosion (left hand)
 f - an amulet of regeneration (around neck)
 i - a ring of poison resistance
Wands
 g - a wand of flame (31)
Potions
 b - 3 potions of mutation
 h - a potion of curing

Dungeon Overview and Level Annotations

Branches:
Dungeon (6/15)             Temple (1/1) D:4

Altars:
Ashenzari
Cheibriados
Dithmenos
Elyvilon
Fedhas
Hepliaklqana
Kikubaaqudgha
Makhleb
Nemelex Xobeh
Okawaru
Qazlal
Ru
Sif Muna
Trog
Uskayaw
Vehumet
Wu Jian
Xom
Yredelemnul
Zin

Shops:
D:3 (   D:5 =:

Annotations:
D:2 Terence
D:4 exclusion: dart slug
D:5 1 runed translucent door, Crazy Yiuf


Message History

You feel sick. The water moccasin misses you.
The water moccasin closely misses you.
You shoot an arrow. The arrow hits the water moccasin!
You kill the water moccasin!
Okawaru accepts your kill.
You feel sick. The gnoll hits you but does no damage.
The gnoll closely misses you.
Your Invocations skill increases to level 1!
You shoot an arrow. The arrow barely misses the gnoll.
You feel sick.
You are no longer poisoned.
The gnoll misses you. The gnoll closely misses you.
You shoot an arrow. The arrow hits the gnoll!
The gnoll is heavily wounded.
The gnoll hits you with a +0 club!
The gnoll hits you from afar with a +0 spear.
The gnoll misses you. The gnoll completely misses you. The gnoll misses you.
The gnoll completely misses you.
You shoot an arrow. The arrow hits the gnoll!!
You kill the gnoll!
Okawaru accepts your kill. The gnoll misses you.
The gnoll hits you with a +0 club.
The gnoll hits you from afar with a +0 spear.
The gnoll hits you but does no damage.
You shoot an arrow. The arrow hits the gnoll!!
You kill the gnoll!
Okawaru accepts your kill. The gnoll misses you.
You shoot an arrow. The arrow hits the gnoll!
You kill the gnoll!
Okawaru accepts your kill.
A steam dragon comes into view.
You have reached level 8!
You shoot an arrow. The steam dragon hisses angrily.
The arrow hits the steam dragon!
The steam dragon is heavily wounded.
The steam dragon breathes steam at you. The ball of steam hits you!!
You die...

........# ........# ..#
........# ..# ##....###
..##### ##....####
#####g...... #.........
+...#....... #.........
#...#....... #.........
#..)#)...... #.........
#..@D)......
##..######+###..##.......
..########..##..# ###....
....<...........# ...
................# .
................#
................+
###+##.###'###..#
##..##+###..##..##


You could see a steam dragon (catching breath).

Vanquished Creatures
  Menkaure (D:4)
  Edmund (D:6)
  A water moccasin (D:6)
  A bullfrog (D:4)
  3 scorpions
  2 bombardier beetles
  A hound (D:5)
  2 iguanas (D:5)
  2 orc wizards (D:3)
  7 gnolls
  4 adders
  2 ufetubi (D:5)
  3 ribbon worms
  6 dart slugs
  11 orcs
  7 bats
  5 endoplasms
  2 giant cockroaches
  9 goblins
  3 hobgoblins
  6 jackals (D:2)
  3 kobolds
  3 quokkas
  2 ball pythons
  3 frilled lizards (D:2)
  4 rats
94 creatures vanquished.

Notes
Turn   | Place    | Note
-------+----------+-------------------------------------------
     0 | D:1      | qw the Spriggan Hunter began the quest for the Orb.
     0 | D:1      | Reached XP level 1. HP: 10/10 MP: 2/2
     0 | D:1      | 0 ||| qw: Version: 0.3-a-160-g6735b56
     0 | D:1      | 0 ||| qw: Game counter: 4430
     0 | D:1      | 0 ||| qw: Melee chars always use a shield: true
     0 | D:1      | 0 ||| qw: God list: Okawaru
     0 | D:1      | 0 ||| qw: Allow faded altars: false
     0 | D:1      | 0 ||| qw: Do Orc after clearing Dungeon:15 true
     0 | D:1      | 0 ||| qw: Do second Lair branch before Depths: true
     0 | D:1      | 0 ||| qw: Lair rune preference: random
     0 | D:1      | 0 ||| qw: Goals: Normal
     0 | D:1      | 0 ||| PLANNING D:1-11
    41 | D:1      | Reached skill level 3 in Dodging
    67 | D:1      | Reached XP level 2. HP: 11/14 MP: 3/3
   316 | D:1      | Found a faded altar of an unknown god.
   774 | D:1      | 774 ||| READING scroll labelled NAULA INICUF.
   774 | D:1      | 774 ||| ENCHANTING +0 shortbow.
   775 | D:1      | 775 ||| DROPPING scroll of butterflies.
   819 | D:2      | Reached XP level 3. HP: 18/18 MP: 4/4
  1050 | D:2      | Reached skill level 5 in Ranged Weapons
  1278 | D:2      | 1278 ||| READING scroll labelled OCZEKUI ONOQEOS.
  1279 | D:2      | 1279 ||| READING scroll labelled REPHUMN QAQI.
  1282 | D:2      | 1282 ||| READING scroll labelled DUUXKU FUXIM.
  1302 | D:3      | 1302 ||| STAIRDANCE
  1305 | D:2      | Reached XP level 4. HP: 22/22 MP: 5/5
  1307 | D:3      | 1307 ||| STAIRDANCE
  1341 | D:3      | 1341 ||| STAIRDANCE
  1455 | D:3      | Noticed Terence
  1469 | D:3      | 1469 ||| FLEEEEING.
  1470 | D:3      | 1470 ||| FLEEEEING.
  1471 | D:3      | 1471 ||| FLEEEEING.
  1472 | D:3      | 1472 ||| FLEEEEING.
  1473 | D:3      | 1473 ||| FLEEEEING.
  1474 | D:3      | 1474 ||| FLEEEEING.
  1475 | D:3      | 1475 ||| FLEEEEING.
  1476 | D:3      | 1476 ||| FLEEEEING.
  1477 | D:3      | 1477 ||| FLEEEEING.
  1478 | D:3      | 1478 ||| FLEEEEING.
  1479 | D:3      | 1479 ||| FLEEEEING.
  1480 | D:3      | 1480 ||| STAIRDANCE
  1482 | D:2      | 1482 ||| FLEEEEING.
  1483 | D:2      | 1483 ||| FLEEEEING.
  1484 | D:2      | 1484 ||| FLEEEEING.
  1485 | D:2      | 1485 ||| FLEEEEING.
  1486 | D:2      | 1486 ||| FLEEEEING.
  1487 | D:2      | 1487 ||| FLEEEEING.
  1488 | D:2      | 1488 ||| FLEEEEING.
  1489 | D:2      | 1489 ||| FLEEEEING.
  1490 | D:2      | 1490 ||| READING scroll labelled WIED DEXAMYECW.
  1491 | D:2      | 1491 ||| FLEEEEING.
  1492 | D:2      | 1492 ||| FLEEEEING.
  1493 | D:2      | 1493 ||| FLEEEEING.
  1494 | D:2      | 1494 ||| FLEEEEING.
  1495 | D:2      | 1495 ||| FLEEEEING.
  1496 | D:2      | 1496 ||| FLEEEEING.
  1497 | D:2      | 1497 ||| FLEEEEING.
  1498 | D:2      | 1498 ||| FLEEEEING.
  1499 | D:2      | 1499 ||| FLEEEEING.
  1500 | D:2      | 1500 ||| FLEEEEING.
  1501 | D:2      | 1501 ||| FLEEEEING.
  1502 | D:2      | 1502 ||| FLEEEEING.
  1503 | D:2      | 1503 ||| FLEEEEING.
  1504 | D:2      | 1504 ||| FLEEEEING.
  1505 | D:2      | 1505 ||| FLEEEEING.
  1506 | D:2      | 1506 ||| FLEEEEING.
  1507 | D:2      | 1507 ||| FLEEEEING.
  1508 | D:2      | 1508 ||| FLEEEEING.
  1509 | D:2      | 1509 ||| FLEEEEING.
  1510 | D:2      | 1510 ||| FLEEEEING.
  1511 | D:2      | 1511 ||| FLEEEEING.
  1512 | D:2      | 1512 ||| STAIRDANCE
  1614 | D:1      | 1614 ||| READING scroll labelled QITULA CENTIP.
  1715 | D:1      | 1715 ||| READING scroll labelled TEBLEKK YMNIAQ.
  1715 | D:1      | 1715 ||| IDENTIFYING clear potion
  1750 | D:3      | Found a radiant altar of Vehumet.
  1796 | D:3      | 1796 ||| FLEEEEING.
  1797 | D:3      | 1797 ||| FLEEEEING.
  1798 | D:3      | 1798 ||| FLEEEEING.
  1799 | D:3      | 1799 ||| FLEEEEING.
  1800 | D:3      | 1800 ||| FLEEEEING.
  1801 | D:3      | 1801 ||| FLEEEEING.
  1802 | D:3      | 1802 ||| FLEEEEING.
  1803 | D:3      | 1803 ||| FLEEEEING.
  1804 | D:3      | 1804 ||| FLEEEEING.
  1806 | D:3      | 1806 ||| FLEEEEING.
  1807 | D:3      | 1807 ||| FLEEEEING.
  1808 | D:3      | 1808 ||| FLEEEEING.
  1810 | D:3      | 1810 ||| FLEEEEING.
  1812 | D:3      | 1812 ||| FLEEEEING.
  1814 | D:3      | 1814 ||| FLEEEEING.
  1816 | D:3      | 1816 ||| FLEEEEING.
  1817 | D:3      | 1817 ||| FLEEEEING.
  1818 | D:3      | 1818 ||| FLEEEEING.
  1819 | D:3      | 1819 ||| FLEEEEING.
  1824 | D:3      | 1824 ||| FLEEEEING.
  1906 | D:3      | 1906 ||| FLEEEEING.
  1907 | D:3      | 1907 ||| FLEEEEING.
  1908 | D:3      | 1908 ||| FLEEEEING.
  1909 | D:3      | 1909 ||| FLEEEEING.
  1910 | D:3      | 1910 ||| FLEEEEING.
  1911 | D:3      | 1911 ||| FLEEEEING.
  1912 | D:3      | 1912 ||| FLEEEEING.
  1913 | D:3      | 1913 ||| FLEEEEING.
  1914 | D:3      | 1914 ||| FLEEEEING.
  1915 | D:3      | 1915 ||| FLEEEEING.
  1916 | D:3      | 1916 ||| FLEEEEING.
  1917 | D:3      | 1917 ||| FLEEEEING.
  1918 | D:3      | 1918 ||| FLEEEEING.
  1919 | D:3      | 1919 ||| FLEEEEING.
  1920 | D:3      | 1920 ||| FLEEEEING.
  1921 | D:3      | 1921 ||| FLEEEEING.
  1922 | D:3      | 1922 ||| FLEEEEING.
  1923 | D:3      | 1923 ||| FLEEEEING.
  1924 | D:3      | 1924 ||| STAIRDANCE
  1934 | D:2      | HP: 5/22 [Terence/staff of death (6)]
  1935 | D:2      | 1935 ||| READING scroll of teleportation.
  2013 | D:2      | 2013 ||| UPGRADING to ring of resist corrosion.
  2014 | D:2      | 2014 ||| READING scroll of identify.
  2014 | D:2      | 2014 ||| IDENTIFYING lumpy coppery potion
  2015 | D:2      | 2015 ||| DROPPING potion of degeneration.
  2134 | D:3      | Found Wuul's Weapon Emporium.
  2139 | D:3      | 2139 ||| BUYING +1 heavy orcbow (133 gold).
  2139 | D:3      | Bought a +1 heavy orcbow for 133 gold pieces
  2139 | D:3      | 2139 ||| SWAPPING to +1 heavy orcbow.
  2140 | D:3      | 2140 ||| DROPPING +1 shortbow.
  2153 | D:3      | Identified the +9 dagger of Ycethov {freeze, ^Drain Will++
                  | Str+4}
  2214 | D:3      | Reached XP level 5. HP: 26/26 MP: 6/6
  2244 | D:4      | HP: 2/26 [bullfrog (7)]
  2292 | D:4      | 2292 ||| FLEEEEING.
  2304 | D:4      | 2304 ||| STAIRDANCE
  2364 | D:4      | Noticed Menkaure
  2366 | D:4      | 2366 ||| FLEEEEING.
  2367 | D:4      | 2367 ||| FLEEEEING.
  2369 | D:4      | 2369 ||| FLEEEEING.
  2370 | D:4      | 2370 ||| FLEEEEING.
  2372 | D:4      | 2372 ||| FLEEEEING.
  2374 | D:4      | 2374 ||| FLEEEEING.
  2375 | D:4      | 2375 ||| FLEEEEING.
  2377 | D:4      | 2377 ||| FLEEEEING.
  2379 | D:4      | 2379 ||| FLEEEEING.
  2380 | D:4      | 2380 ||| STAIRDANCE
  2417 | D:3      | 2417 ||| READING scroll labelled XOTEWO YSISU.
  2422 | D:4      | Killed Menkaure
  2423 | D:4      | Reached skill level 6 in Ranged Weapons
  2423 | D:4      | Reached XP level 6. HP: 30/30 MP: 7/7
  2488 | D:4      | 2488 ||| READING scroll of enchant weapon.
  2488 | D:4      | 2488 ||| ENCHANTING +1 heavy orcbow.
  2541 | D:4      | Reached skill level 6 in Dodging
  2541 | D:4      | Found a staircase to the Ecumenical Temple.
  2542 | D:4      | 2542 ||| PLANNING TEMPLE
  2586 | Temple   | Entered the Ecumenical Temple
  2587 | Temple   | 2587 ||| PLANNING OKAWARU WORSHIP
  2593 | Temple   | Became a worshipper of Warmaster Okawaru
  2594 | Temple   | 2594 ||| PLANNING D:1-11
  2686 | D:4      | Found a shimmering altar of Xom.
  2686 | D:4      | Found a sacrificial altar of Ru.
  2688 | D:4      | Found a white marble altar of Elyvilon.
  2689 | D:4      | Found an ancient bone altar of Kikubaaqudgha.
  2806 | D:4      | 2806 ||| UPGRADING to ring of positive energy.
  2807 | D:4      | 2807 ||| READING scroll labelled PASUWA VU NAN.
  2841 | D:5      | Entered Level 5 of the Dungeon
  3147 | D:5      | Reached skill level 7 in Ranged Weapons
  3147 | D:5      | Reached XP level 7. HP: 17/35 MP: 8/8
  3319 | D:5      | Found Gumeu's Jewellery Emporium.
  3326 | D:5      | 3326 ||| SHOPLISTING ring "Oduqifa" {Ice *Slow rElec rPois
                  | Str+6} (502 gold, have 154).
  3326 | D:5      | 3326 ||| SHOPLISTING ring of Binwyolo {rC- Will++ Dex+4
                  | SInv} (374 gold, have 154).
  3326 | D:5      | 3326 ||| SHOPLISTING ring of ice (250 gold, have 154).
  3468 | D:5      | Found Kotutuok's Book Emporium.
  3488 | D:5      | Found a runed translucent door.
  3489 | D:5      | Noticed Crazy Yiuf
  4123 | D:5      | 4123 ||| UPGRADING to amulet of regeneration.
  4128 | D:5      | 4128 ||| READING scroll of identify.
  4128 | D:5      | 4128 ||| IDENTIFYING grey potion
  4129 | D:5      | 4129 ||| READING scroll labelled OSIHOCZUNER.
  4129 | D:5      | 4129 ||| ENCHANTING +0 robe.
  4130 | D:5      | 4130 ||| READING scroll labelled OPLUTE LOUR.
  4262 | D:6      | Noticed Edmund
  4267 | D:6      | Killed Edmund
  4267 | D:6      | Reached * piety under Okawaru
  4268 | D:6      | Reached skill level 8 in Ranged Weapons
  4299 | D:6      | 4299 ||| RETREEEEATING.
  4302 | D:6      | Reached skill level 1 in Invocations
  4304 | D:6      | HP: 8/35 [gnoll/+0 club (3)]
  4304 | D:6      | HP: 3/35 [gnoll/+0 spear (5)]
  4306 | D:6      | Noticed a steam dragon
  4307 | D:6      | Reached XP level 8. HP: 8/39 MP: 8/10
  4307 | D:6      | Killed from afar by a steam dragon

Levels and vault maps discovered:
D:1:      onia_arrival_mini_spirals, layout_basic, ebering_ecumenical_altar_webs
D:2:      layout_rooms, amcnicky_mini_corridor_feature,
          minmay_misc_feat_diagonals, nicolae_titane
D:3:      layout_rooms, overflow_temple_1_default, serial_shops, shop_statue,
          uniq_terence
D:4:      layout_rooms, minitemple, minmay_temple_entry_statues, uniq_menkaure
D:5:      layout_basic, serial_shops, shop, kennysheep_mini_moat,
          uniq_crazy_yiuf_cottage
D:6:      layout_gridville, uniq_edmund
Temple:   eino_wide_crystal_templ

Skill      XL: |  1  2  3  4  5  6  7 |
---------------+----------------------+-----
Dodging        | 3 4 5 6 7 |  7.0
Ranged Weapons | 5 6 7 8 |  8.1
Fighting       | 2 |  2.7
Invocations    | 1 |  1.7
Stealth        | |  1.5

Action                     |  1- 3 |  4- 6 |  7- 9 || total
---------------------------+-------+-------+-------++-------
   Fire: Shortbow          |    98 |    71 |       ||   169
         Orcbow            |       |    55 |    39 ||    94
    Use: Scroll            |     4 |     8 |     3 ||    15
 Armour: Robe              |     2 |    31 |    15 ||    48
         Skin              |       |     6 |       ||     6
  Dodge: Dodged            |    10 |   102 |    49 ||   161

Table legend:
 A = Non-vault XP
 B = Vault XP
 C = Vault XP percentage of total XP
 D = Non-vault monster count
 E = Vault monster count
 F = Vault count percentage of total count
                 A         B        C        D         E       F
            +---------+---------+-------+---------+---------+-------
      Total |    1087 |     344 |  24.0 |      92 |       2 |   2.1
            +---------+---------+-------+---------+---------+-------
        D:1 |      36 |       0 |   0.0 |      19 |       0 |   0.0
        D:2 |      70 |       0 |   0.0 |      29 |       0 |   0.0
        D:3 |      95 |       0 |   0.0 |      13 |       0 |   0.0
        D:4 |     255 |     175 |  40.7 |       9 |       1 |  10.0
        D:5 |     375 |       0 |   0.0 |      16 |       0 |   0.0
        D:6 |     256 |     169 |  39.8 |       6 |       1 |  14.3
            +---------+---------+-------+---------+---------+-------
